 Dungeon Crawl Stone Soup version 0.29-a0-838-g385bb11a5b (webtiles) character file.

Game seed: 6691348755401738339

3 HoaS the Shooter (level 1, -1/12 HPs)
             Began as a Tengu Hunter on July 13, 2022.
             Slain by a kobold
             ... wielding a +0 whip
              (5 damage)
             ... on level 1 of the Dungeon.
             The game lasted 00:00:19 (30 turns).

HoaS the Shooter (Tengu Hunter)                       Turns: 30, Time: 00:00:19

Health: -1/12      AC:  3    Str: 11    XL:     1   Next: 50%
Magic:  2/2        EV: 12    Int:  9    God:
Gold:   0          SH:  0    Dex: 17    Spells: 0/0 levels left

rFire   . . .      SeeInvis .   a - +0 shortbow
rCold   . . .      Faith    .   (shield currently unavailable)
rNeg    . . .      Spirit   .   c - +0 leather armour
rPois   .          Reflect  .   (helmet restricted)
rElec   .          Harm     .   (no cloak)
rCorr   .          Rampage  .   (no gloves)
Will    .....                   (boots unavailable)
Stlth   ++........              (no amulet)
HPRegen 0.04/turn               (no ring)
MPRegen 0.08/turn               (no ring)

@: no status effects
A: beak, talons 3
a: no special abilities


You were on level 1 of the Dungeon.
You visited 1 branch of the dungeon, and saw 1 of its levels.

Inventory:

Hand Weapons
 a - a +0 shortbow (weapon)
Armour
 c - a +0 leather armour (worn)
Scrolls
 b - a scroll of immolation


   Skills:
 - Level 2.0 Fighting
 + Level 4.6 Ranged Weapons
 - Level 2.1 Dodging
 - Level 1.0 Stealth


You couldn't memorise any spells.
You didn't know any spells.
Your spell library was empty.

Dungeon Overview and Level Annotations

Branches:
Dungeon (1/15)

Altars:


Innate Abilities, Weirdness & Mutations

You have a beak for a mouth.
You have claws for feet.


Message History

You shoot an arrow. The arrow hits the goblin.
You kill the goblin!
No target in view!
No target in view!
A kobold comes into view. It is wielding a +0 whip.
The kobold shouts!
You hear an angry hiss.
A ball python comes into view.
There are monsters nearby!
You shoot an arrow. The arrow barely misses the kobold.
You shoot an arrow.
The arrow barely misses the ball python.
A giant cockroach comes into view.
You shoot an arrow. The arrow hits the giant cockroach.
The giant cockroach is heavily wounded.
The giant cockroach bites you.
A kobold comes into view. It is wielding a +0 short sword.
You shoot an arrow. The arrow hits the giant cockroach!
You kill the giant cockroach!
The ball python closely misses you. The ball python misses you.
You shoot an arrow.
The arrow closely misses the ball python.
The arrow hits the kobold but does no damage.
The ball python bites you. The ball python barely misses you. x2
The ball python grabs you. The ball python constricts you.
You shoot an arrow. The arrow hits the ball python.
You kill the ball python!
The kobold barely misses you.
You shoot an arrow. The arrow hits the kobold.
The kobold is moderately wounded.
The kobold hits you with a +0 whip.
You are too injured to fight recklessly!
You are too injured to fight recklessly!
You are too injured to fight recklessly!
Fire: a) +0 shortbow
Press: ? - help, Q - select action Shift-Dir - straight line, f/p - kobold
Aim: a kobold, wielding a +0 whip (moderately wounded, 56% to hit)
You shoot an arrow. The arrow hits the kobold.
The kobold is severely wounded.
The kobold hits you with a +0 whip.
You die...

...... ..K.. ....
## ... ...##..
.......
......K#####
#..K@..### #.
#..####...###...
#. ##......# ###.
#...#### ....#
##......#.
≈≈≈..####..≈§≈≈...
≈≈≈≈......≈≈≈≈≈≈..
≈≈≈≈..><..≈§§§≈≈..
≈≈≈≈......≈≈§≈§≈..


You could see 2 kobolds.

Vanquished Creatures
  A giant cockroach (D:1)
  A goblin (D:1)
  A ball python (D:1)
3 creatures vanquished.

Notes
Turn   | Place    | Note
-------+----------+-------------------------------------------
     0 | D:1      | HoaS the Tengu Hunter began the quest for the Orb.
     0 | D:1      | Reached XP level 1. HP: 12/12 MP: 2/2
    30 | D:1      | Slain by a kobold

Illustrated notes

Levels and vault maps discovered:
D:1:      dpeg_arrival_pits, layout_rooms, serial_forest,
          infiniplex_forest_clump_C, infiniplex_forest_clump_small,
          infiniplex_forest_straight_5, infiniplex_forest_clump_cross,
          infiniplex_forest_clump_large, infiniplex_forest_clump_long,
          dk_noncrumbling_3

Action                   || total
-------------------------++-------
 Fire: Shortbow          ||    12
Dodge: Dodged            ||     5

Table legend: (Time is in decaauts)
 A = Elapsed time spent in this place.
 B = Non-inter-level travel time spent in this place.
 C = Inter-level travel time spent in this place.
 D = Time resting spent in this place.
 E = Time spent auto-exploring this place.
 F = Levels seen in this place.
 G = Mean time per level.
                   A        B        C        D        E       F      G
               +--------+--------+--------+--------+--------+-----+--------+
         Total |     33 |     33 |      0 |      0 |     13 |   1 |   33.0 |
       Dungeon |     33 |     33 |      0 |      0 |     13 |   1 |   33.0 |
               +--------+--------+--------+--------+--------+-----+--------+

Top non-repeatable levels by time:
     D:1: 33 daAuts
